Map: Artillería pesada EE

Players

Oxygen

  • Race: Zerg Zerg
  • League: Gold
  • Spawn Location: 1:00

Oxygen

  • Race: Terran Terran
  • League: Gold
  • Spawn Location: 3:00

TATORREA - Winner!

  • Race: Protoss Protoss
  • League: Gold
  • Spawn Location: 7:00

MrFercho - Winner!

  • Race: Zerg Zerg
  • League: Silver
  • Spawn Location: 7:00

VOD

Have the link to the VOD?

Description

Time

  • Played on: July 9, 2020, 9 p.m.
  • Length: 5:32
Show
View Real Time Build Order
Export as new Build Order

Oxygen Zerg 

Build Orders: Pool First 

Get SALT Encoding   

  12  0:02  Drone  
  13  0:08  Drone  
  14  0:18  Overlord  
  14  0:36  Drone  
  14  0:37  Drone x2  
  17  1:13  Extractor, Spawning Pool  
  17  1:15  Drone x2  
  17  1:16  Drone  
  18  1:27  Overlord  
  18  1:42  Drone  
  19  2:00  Zergling x4  
  21  2:03  Queen  
  23  2:09  Spine Crawler  
  23  2:10  Zergling x2  
  23  2:21  Zergling x2  
  23  2:22  Metabolic Boost  
  24  2:34  Hatchery  
  23  2:37  Hatchery  
  23  2:38  Zergling x2  
  23  2:58  Zergling x4  
  25  3:07  Zergling x2  
  26  3:13  Zergling x2  
  25  3:36  Zergling x6  
  25  3:37  Zergling x2  
  26  3:44  Zergling x2  
  27  3:53  Zergling x2  
  27  3:54  Zergling x4  
  30  4:01  Zergling x4  
  30  4:02  Zergling x2  
  33  4:03  Queen  
  33  4:05  Queen  
  37  4:14  Zergling x6  
  39  4:27  Zergling x6  
  37  4:37  Zergling x4  
  39  4:42  Zergling x4  
  41  4:47  Zergling x2  
  42  4:59  Overlord  
  41  5:10  Overlord x2  
Show
View Real Time Build Order
Export as new Build Order

Oxygen Terran 

Build Orders: 2 Factory, Command Center First (CC), Mech 

Get SALT Encoding   

  12  0:01  SCV  
  13  0:13  SCV  
  14  0:19  Supply Depot  
  14  0:25  SCV  
  15  0:41  SCV  
  16  0:53  SCV  
  17  1:05  Command Center, SCV  
  18  1:17  SCV  
  19  1:29  SCV  
  20  1:39  Command Center  
  20  1:42  SCV  
  21  1:51  Barracks  
  21  1:55  SCV  
  21  2:00  Refinery  
  22  2:07  SCV  
  23  2:12  Refinery  
  23  2:19  SCV  
  24  2:26  SCV  
  25  2:38  Orbital Command x2  
  25  2:39  Marine  
  26  2:50  Supply Depot  
  26  2:57  Marine  
  26  2:58  Factory  
  27  3:04  Orbital Command  
  27  3:09  SCV  
  27  3:11  SCV  
  29  3:15  Marine  
  30  3:21  SCV  
  30  3:23  SCV  
  30  3:25  Factory  
  32  3:31  SCV  
  32  3:33  Marine, SCV  
  35  3:36  SCV  
  36  3:41  Factory Reactor  
  36  3:43  SCV  
  36  3:45  SCV  
  38  3:49  Starport, SCV  
  38  3:54  Marine  
  38  3:55  SCV  
  41  3:58  SCV  
  41  4:01  SCV  
  43  4:07  SCV  
  43  4:08  Factory Tech Lab  
  43  4:09  Supply Depot  
  44  4:10  SCV  
  44  4:13  SCV  
  44  4:14  Marine  
  47  4:18  Hellion x2  
  47  4:19  SCV  
  47  4:22  Armory, SCV  
  53  4:25  SCV  
  53  4:26  Refinery  
  53  4:28  Refinery  
  53  4:29  Refinery  
  53  4:31  SCV, Siege Tank  
  57  4:34  Supply Depot, SCV  
  57  4:37  SCV  
  60  4:39  Supply Depot, Hellion x2  
  60  4:43  SCV  
  65  4:47  SCV  
  65  4:49  SCV  
  65  4:51  Starport Tech Lab  
  67  4:55  SCV  
  67  4:59  SCV  
  69  5:00  Supply Depot  
  69  5:01  Factory, SCV  
  69  5:02  Supply Depot  
  69  5:05  Hellion x2  
  77  5:10  SCV  
  77  5:12  SCV  
  77  5:13  SCV  
Show
View Real Time Build Order
Export as new Build Order

TATORREA Protoss - Winner!

Build Orders:  

Get SALT Encoding   

  12  0:02  Probe  
  13  0:14  Probe  
  14  0:24  Pylon  
  14  0:26  Probe  
  15  0:42  Probe  
  16  0:45  Gateway  
  16  0:53  Probe  
  16  0:56  Assimilator  
  17  1:01  Pylon, Probe  
  17  1:09  Probe  
  19  1:19  Assimilator  
  19  1:20  Probe  
  20  1:41  Cybernetics Core  
  20  1:42  Gateway  
  20  1:43  Probe  
  21  1:51  Probe  
  21  1:59  Probe  
  23  2:15  Probe  
  24  2:17  Gateway  
  24  2:23  Nexus  
  24  2:29  Probe  
  25  2:49  Probe  
  26  3:01  Probe  
  25  3:34  Probe  
  25  3:40  Probe  
  22  3:45  Pylon  
  22  3:46  Probe  
  23  3:48  Pylon  
  23  3:52  Probe  
  24  3:57  Zealot  
  24  3:58  Probe  
  22  4:29  Probe x2  
  10  4:43  Probe  
Show
View Real Time Build Order
Export as new Build Order

MrFercho Zerg - Winner!

Build Orders: Hatch First 

Get SALT Encoding   

  12  0:01  Drone  
  13  0:13  Overlord  
  13  0:22  Drone  
  14  0:31  Drone x2  
  16  0:52  Hatchery  
  16  0:56  Drone x2  
  17  1:00  Drone  
  18  1:18  Spawning Pool  
  17  1:23  Drone x2  
  19  1:26  Extractor  
  19  1:28  Drone  
  19  1:41  Drone  
  20  1:50  Drone  
  21  2:02  Drone  
  21  2:04  Overlord  
  21  2:05  Queen x2  
  26  2:15  Drone x2  
  28  2:22  Overlord  
  28  2:25  Drone  
  29  2:42  Drone x2  
  29  2:43  Drone  
  32  2:48  Drone  
  31  2:54  Drone  
  30  3:06  Drone x2  
  30  3:12  Zergling x2, Roach Warren  
  32  3:19  Spine Crawler  
  31  3:22  Spine Crawler  
  31  3:23  Spine Crawler  
  31  3:24  Zergling x2  
  31  3:25  Zergling x2, Spine Crawler  
  30  3:39  Drone  
  30  3:40  Drone x4  
  30  3:41  Drone x3  
  38  3:46  Metabolic Boost  
  38  3:50  Drone  
  38  3:51  Drone  
  40  3:58  Lair  
  40  4:05  Zergling x2  
  40  4:06  Zergling x6  
  44  4:12  Overlord  
  41  4:47  Roach x5  
  41  4:48  Roach  
  51  4:54  Drone  
  50  5:05  Extractor  
  49  5:07  Extractor  
Tags
 
Add a new tag
Caveats
  • Supply blocks, unpowered buildings, or Contaminate may cause inaccurate times.
  • Supply counts are checked every 10 seconds.